[ AOE2 MATCH · #503704364 ]
UnrankedCelts vs Vikings
[ REPLAY ANALYSIS · EXTRACTED FROM THE RECORDED GAME ]
Feudal
11:08
Castle
16:46
Imperial
—
| APM avg | 43.8 |
| APM peak | 76 |
| eAPM avg | 14.8 |
| Villagers / military | 83 / 23 |
Focus
⚔️ 15.8% · 🌾 84.2%
Scorpion ×15 · Fishing Ship ×6 · Battering Ram ×6 · Transport Ship ×2
Feudal
12:53
Castle
20:53
Imperial
—
| APM avg | 15.1 |
| APM peak | 40 |
| eAPM avg | 9.5 |
| Villagers / military | 49 / 15 |
Focus
⚔️ 18.1% · 🌾 81.9%
Fishing Ship ×20 · Longboat ×15
Feudal
12:13
Castle
19:03
Imperial
—
| APM avg | 25.1 |
| APM peak | 64 |
| eAPM avg | 9.7 |
| Villagers / military | 52 / 31 |
Focus
⚔️ 30.2% · 🌾 69.8%
Cavalry Archer ×30 · Transport Ship ×1
Feudal
15:45
Castle
21:47
Imperial
—
| APM avg | 13.5 |
| APM peak | 27 |
| eAPM avg | 9.9 |
| Villagers / military | 73 / 1 |
Focus
⚔️ 11.3% · 🌾 88.7%
Fishing Ship ×56 · Transport Ship ×1
Feudal
10:52
Castle
17:32
Imperial
—
| APM avg | 25.8 |
| APM peak | 48 |
| eAPM avg | 13.5 |
| Villagers / military | 54 / 12 |
Focus
⚔️ 12.2% · 🌾 87.8%
Fishing Ship ×10 · Spearman ×6 · Longboat ×3 · Fire Galley ×3
Feudal
12:30
Castle
16:38
Imperial
—
| APM avg | 11.5 |
| APM peak | 17 |
| eAPM avg | 8.2 |
| Villagers / military | 49 / 8 |
Focus
⚔️ 12.4% · 🌾 87.6%
Fishing Ship ×5 · Knight ×3 · Spearman ×3 · War Elephant ×1 · Transport Ship ×1
Feudal
14:31
Castle
18:51
Imperial
—
| APM avg | 15.5 |
| APM peak | 31 |
| eAPM avg | 10.9 |
| Villagers / military | 56 / 27 |
Focus
⚔️ 30.9% · 🌾 69.1%
Cavalry Archer ×27 · Fishing Ship ×17
Feudal
13:22
Castle
18:01
Imperial
—
| APM avg | 11.5 |
| APM peak | 28 |
| eAPM avg | 6.9 |
| Villagers / military | 51 / 22 |
Focus
⚔️ 12.7% · 🌾 87.3%
Conquistador ×21 · Transport Ship ×1
Match map
Initial resources + every placement click. Lines = walls · curves = elevation contours. ◆ gold · ⬟ stone · ● berries · ✦ relic · ◌ wall gap
Your base· ✓ Map-separated
Mono de Guayaba's base· ✓ Map-separated
the King's base· ✓ Map-separated
superpandaby's base· ✓ Map-separated
Umidizıbabomen's base· ✓ Map-separated
drampf's base· ✓ Map-separated
Prushogamer's base· ✓ Map-separated
MS2GUD1068's base· ✓ Map-separated
Smoothed initial terrain · ◌ = detected wall gap · hover for details
Inputs per minute
— Fencer_Khan - - Mono de Guayaba
Build order — Fencer_Khan
150 actions detected in the replay
| 0:01 | Queue | Villager (Male) |
| 0:01 | Queue | Villager (Male) |
| 0:01 | Queue | Villager (Male) |
| 0:04 | Build | House |
| 0:06 | Build | House |
| 0:29 | Queue | Villager (Male) |
| 0:29 | Queue | Villager (Male) |
| 1:30 | Queue | Villager (Male) |
| 1:30 | Queue | Villager (Male) |
| 1:47 | Build | Lumber Camp |
| 2:01 | Queue | Villager (Male) |
| 2:01 | Queue | Villager (Male) |
| 2:27 | Queue | Villager (Male) |
| 2:27 | Queue | Villager (Male) |
| 2:50 | Queue | Villager (Male) |
| 2:50 | Queue | Villager (Male) |
| 3:02 | Queue | Villager (Male) |
| 3:03 | Queue | Villager (Male) |
| 3:38 | Queue | Villager (Male) |
| 3:38 | Queue | Villager (Male) |
| 3:38 | Queue | Villager (Male) |
| 3:45 | Build | House |
| 3:58 | Queue | Villager (Male) |
| 3:58 | Queue | Villager (Male) |
| 4:37 | Queue | Villager (Male) |
| 4:37 | Queue | Villager (Male) |
| 4:37 | Queue | Villager (Male) |
| 5:00 | Queue | Villager (Male) |
| 5:00 | Queue | Villager (Male) |
| 5:00 | Queue | Villager (Male) |
| 5:25 | Build | Dock |
| 5:29 | Queue | Villager (Male) |
| 5:29 | Queue | Villager (Male) |
| 5:29 | Queue | Villager (Male) |
| 5:46 | Build | Mill |
| 5:51 | Queue | Villager (Male) |
| 5:52 | Queue | Villager (Male) |
| 5:52 | Queue | Villager (Male) |
| 6:16 | Queue | Fishing Ship |
| 6:18 | Build | House |
| 6:24 | Build | House |
| 6:43 | Queue | Fishing Ship |
| 6:56 | Queue | Villager (Male) |
| 7:20 | Queue | Villager (Male) |
| 7:35 | Queue | Fishing Ship |
| 7:41 | Queue | Villager (Male) |
| 8:01 | Build | Mining Camp |
| 8:02 | Queue | Villager (Male) |
| 8:33 | Queue | Fishing Ship |
| 8:54 | Research | Feudal Age |
| 8:54 | Research | Feudal Age |
| 9:06 | Queue | Fishing Ship |
| 9:14 | Build | House |
| 9:45 | Build | Lumber Camp |
| 10:33 | Queue | Fishing Ship |
| 10:39 | Build | Dock |
| 10:47 | Queue | Villager (Male) |
| 10:47 | Queue | Villager (Male) |
| 10:56 | Build | House |
| 10:57 | Build | House |
| 11:08 | Age | Feudal Age |
| 11:19 | Build | Blacksmith |
| 11:25 | Build | Market |
| 11:43 | Build | Farm |
| 11:59 | Build | House |
| 12:11 | Queue | Villager (Male) |
| 12:11 | Queue | Villager (Male) |
| 12:34 | Build | Farm |
| 12:44 | Build | Farm |
| 12:45 | Build | Farm |
| 13:04 | Build | House |
| 13:07 | Queue | Villager (Male) |
| 13:11 | Build | Farm |
| 13:32 | Queue | Villager (Male) |
| 13:44 | Build | House |
| 14:06 | Research | Castle Age |
| 14:06 | Research | Castle Age |
| 14:15 | Queue | Transport Ship |
| 14:40 | Queue | Villager (Male) |
| 14:51 | Research | Double-Bit Axe |
| 14:51 | Research | Double-Bit Axe |
| 14:53 | Research | Horse Collar |
| 15:42 | Queue | Villager (Male) |
| 15:53 | Build | Farm |
| 15:53 | Build | Farm |
| 15:53 | Build | Farm |
| 16:19 | Build | Outpost |
| 16:31 | Build | House |
| 16:39 | Queue | Villager (Male) |
| 16:46 | Age | Castle Age |
| 17:03 | Build | Siege Workshop |
| 17:34 | Build | Town Center |
| 17:51 | Build | Farm |
| 17:53 | Queue | Villager (Male) ×5 |
| 17:59 | Research | Bow Saw |
| 18:00 | Research | Bow Saw |
| 18:05 | Queue | Scorpion |
| 18:05 | Queue | Scorpion |
| 18:09 | Build | Siege Workshop |
| 18:15 | Queue | Scorpion |
| 18:25 | Research | Gold Mining |
| 18:37 | Research | Heavy Plow |
| 18:37 | Research | Heavy Plow |
| 18:52 | Build | House |
| 18:52 | Build | House |
| 18:52 | Build | House |
| 18:56 | Queue | Scorpion |
| 18:56 | Queue | Scorpion |
| 18:57 | Queue | Scorpion |
| 19:17 | Queue | Villager (Male) |
| 19:20 | Queue | Villager (Male) |
| 19:20 | Queue | Villager (Male) |
| 19:33 | Queue | Battering Ram |
| 19:33 | Queue | Battering Ram |
| 19:52 | Research | Loom |
| 19:58 | Build | Barracks |
| 20:14 | Queue | Battering Ram |
| 20:14 | Queue | Battering Ram |
| 20:19 | Queue | Villager (Male) |
| 20:30 | Queue | Villager (Male) ×3 |
| 20:33 | Queue | Battering Ram |
| 20:33 | Queue | Battering Ram |
| 21:29 | Queue | Scorpion |
| 21:29 | Queue | Scorpion |
| 21:29 | Queue | Scorpion |
| 21:30 | Queue | Scorpion |
| 22:08 | Queue | Villager (Male) |
| 22:08 | Queue | Villager (Male) |
| 22:15 | Queue | Villager (Male) |
| 22:16 | Queue | Villager (Male) |
| 22:16 | Queue | Villager (Male) ×5 |
| 23:00 | Queue | Scorpion ×5 |
| 23:28 | Queue | Transport Ship |
| 23:30 | Queue | Villager (Male) ×5 |
| 24:12 | Build | Town Center |
| 24:21 | Build | Lumber Camp |
| 25:01 | Queue | Villager (Male) ×5 |
| 25:42 | Queue | Villager (Male) ×5 |
| 25:45 | Build | Farm |
| 25:55 | Build | Town Center |
| 26:29 | Queue | Villager (Male) |
| 26:29 | Queue | Villager (Male) |
| 26:34 | Build | House |
| 26:35 | Build | House |
| 26:35 | Build | House |
| 26:35 | Build | House |
| 26:35 | Build | House |
| 26:36 | Build | House |
| 26:36 | Build | House |
| 26:36 | Build | House |
Build order — Mono de Guayaba
149 actions detected in the replay
| 0:01 | Queue | Villager (Male) |
| 0:01 | Queue | Villager (Male) |
| 0:01 | Queue | Villager (Male) |
| 0:01 | Queue | Villager (Male) |
| 0:05 | Build | House |
| 0:07 | Build | House |
| 1:32 | Queue | Villager (Male) |
| 2:11 | Queue | Villager (Male) |
| 2:26 | Build | House |
| 2:29 | Build | House |
| 2:32 | Queue | Villager (Male) |
| 3:09 | Queue | Villager (Male) |
| 3:10 | Queue | Villager (Male) |
| 3:49 | Queue | Villager (Male) |
| 4:26 | Queue | Villager (Male) |
| 4:29 | Research | Loom |
| 4:40 | Queue | Villager (Male) |
| 5:47 | Queue | Villager (Male) |
| 5:48 | Queue | Villager (Male) |
| 6:14 | Build | Dock |
| 6:45 | Queue | Villager (Male) |
| 6:45 | Queue | Villager (Male) |
| 6:45 | Queue | Villager (Male) |
| 6:56 | Queue | Fishing Ship |
| 6:57 | Queue | Fishing Ship |
| 7:11 | Build | Lumber Camp |
| 7:33 | Queue | Fishing Ship |
| 7:54 | Queue | Villager (Male) |
| 8:30 | Queue | Fishing Ship |
| 8:36 | Build | House |
| 8:41 | Build | House |
| 8:49 | Queue | Villager (Male) |
| 9:14 | Queue | Fishing Ship |
| 9:19 | Queue | Villager (Male) |
| 9:35 | Build | Mill |
| 10:04 | Build | Lumber Camp |
| 10:11 | Queue | Villager (Male) |
| 10:33 | Queue | Fishing Ship |
| 10:43 | Research | Feudal Age |
| 11:08 | Build | Mining Camp |
| 11:12 | Queue | Villager (Male) |
| 11:17 | Queue | Villager (Male) |
| 11:19 | Queue | Fishing Ship |
| 11:26 | Build | House |
| 11:28 | Build | House |
| 12:09 | Queue | Fishing Ship |
| 12:12 | Queue | Fishing Ship |
| 12:20 | Build | House |
| 12:27 | Build | House |
| 12:53 | Age | Feudal Age |
| 13:09 | Queue | Fishing Ship |
| 13:11 | Research | Tech 906 |
| 13:16 | Research | Double-Bit Axe |
| 13:46 | Queue | Villager (Male) |
| 14:15 | Build | Lumber Camp |
| 14:19 | Queue | Villager (Male) |
| 14:24 | Queue | Fishing Ship |
| 14:32 | Build | Dock |
| 14:35 | Queue | Fishing Ship |
| 14:38 | Queue | Villager (Male) |
| 14:46 | Queue | Villager (Male) |
| 15:21 | Build | Watch Tower |
| 15:25 | Build | Blacksmith |
| 15:30 | Queue | Villager (Male) |
| 15:39 | Build | Barracks |
| 15:46 | Queue | Villager (Male) |
| 15:54 | Queue | Fishing Ship |
| 15:55 | Queue | Fishing Ship |
| 16:14 | Build | Mining Camp |
| 16:37 | Build | Fish Trap |
| 16:39 | Build | Fish Trap |
| 16:56 | Build | Market |
| 17:13 | Queue | Villager (Male) |
| 17:14 | Queue | Villager (Male) |
| 17:30 | Queue | Fishing Ship |
| 17:30 | Queue | Fishing Ship |
| 17:36 | Build | House |
| 17:38 | Build | House |
| 17:47 | Build | Archery Range |
| 17:50 | Build | Archery Range |
| 17:56 | Research | Padded Archer Armor |
| 17:57 | Research | Fletching |
| 18:05 | Build | House |
| 18:06 | Build | House |
| 18:07 | Build | House |
| 18:13 | Research | Castle Age |
| 18:40 | Research | Gold Mining |
| 18:48 | Queue | Fishing Ship |
| 18:48 | Queue | Fishing Ship |
| 18:49 | Queue | Fishing Ship |
| 18:49 | Queue | Fishing Ship |
| 19:38 | Build | House |
| 19:51 | Build | Archery Range |
| 19:53 | Build | Archery Range |
| 20:03 | Build | Dock |
| 20:12 | Build | House |
| 20:14 | Build | House |
| 20:19 | Build | House |
| 20:20 | Build | House |
| 20:23 | Build | House |
| 20:33 | Build | Stone Wall |
| 20:41 | Build | Stone Wall |
| 20:48 | Build | Stone Wall |
| 20:52 | Queue | Villager (Male) |
| 20:53 | Age | Castle Age |
| 21:04 | Research | Gillnets |
| 21:05 | Queue | Longboat |
| 21:06 | Queue | Longboat |
| 21:06 | Queue | Longboat |
| 21:23 | Build | Fish Trap |
| 21:27 | Build | Fish Trap |
| 21:31 | Queue | Villager (Male) |
| 21:31 | Queue | Villager (Male) |
| 21:31 | Queue | Villager (Male) |
| 21:37 | Research | Bow Saw |
| 21:40 | Research | Gold Shaft Mining |
| 22:23 | Queue | Longboat |
| 22:23 | Queue | Longboat |
| 22:24 | Queue | Longboat |
| 22:25 | Queue | Longboat |
| 22:33 | Queue | Villager (Male) |
| 22:34 | Queue | Villager (Male) |
| 22:53 | Queue | Longboat |
| 22:54 | Queue | Longboat |
| 22:54 | Queue | Longboat |
| 23:10 | Queue | Villager (Male) |
| 23:28 | Research | Bodkin Arrow |
| 23:28 | Research | Leather Archer Armor |
| 23:38 | Build | University |
| 23:41 | Queue | Villager (Male) |
| 23:41 | Queue | Villager (Male) |
| 23:51 | Build | Town Center |
| 24:23 | Queue | Villager (Male) |
| 24:24 | Queue | Villager (Male) |
| 24:55 | Build | Castle |
| 25:04 | Queue | Longboat |
| 25:04 | Queue | Longboat |
| 25:42 | Queue | Villager (Male) |
| 25:42 | Queue | Villager (Male) |
| 25:42 | Queue | Villager (Male) |
| 25:42 | Queue | Villager (Male) |
| 25:44 | Queue | Villager (Male) |
| 25:44 | Queue | Villager (Male) |
| 25:44 | Queue | Villager (Male) |
| 25:59 | Research | Chieftains |
| 26:19 | Build | Mining Camp |
| 26:22 | Queue | Longboat |
| 26:22 | Queue | Longboat |
| 26:22 | Queue | Longboat |
Build order — the King
116 actions detected in the replay
| 0:01 | Queue | Villager (Male) |
| 0:01 | Queue | Villager (Male) |
| 0:02 | Queue | Villager (Male) |
| 0:02 | Queue | Villager (Male) |
| 0:02 | Queue | Villager (Male) |
| 1:36 | Queue | Villager (Male) |
| 1:52 | Queue | Villager (Male) |
| 2:25 | Queue | Villager (Male) |
| 2:43 | Queue | Villager (Male) |
| 3:00 | Queue | Villager (Male) |
| 3:29 | Build | Dock |
| 3:31 | Queue | Villager (Male) |
| 3:58 | Queue | Villager (Male) |
| 4:19 | Queue | Villager (Male) |
| 4:40 | Build | Lumber Camp |
| 4:44 | Queue | Villager (Male) |
| 5:12 | Queue | Villager (Male) |
| 5:44 | Queue | Villager (Male) |
| 6:11 | Queue | Villager (Male) |
| 6:27 | Build | Mill |
| 6:32 | Research | Loom |
| 7:17 | Queue | Transport Ship |
| 7:27 | Queue | Villager (Male) |
| 7:28 | Queue | Villager (Male) |
| 7:58 | Queue | Villager (Male) |
| 8:10 | Queue | Villager (Male) |
| 8:38 | Queue | Villager (Male) |
| 9:02 | Queue | Villager (Male) |
| 9:20 | Queue | Villager (Male) |
| 9:49 | Research | Feudal Age |
| 10:22 | Build | Farm |
| 10:26 | Build | Farm |
| 10:28 | Build | Farm |
| 10:45 | Build | Farm |
| 10:48 | Build | Farm |
| 10:51 | Build | Farm |
| 10:55 | Build | Farm |
| 11:00 | Build | Farm |
| 11:27 | Build | Mining Camp |
| 12:00 | Queue | Villager (Male) |
| 12:00 | Queue | Villager (Male) |
| 12:01 | Queue | Villager (Male) |
| 12:01 | Queue | Villager (Male) |
| 12:13 | Age | Feudal Age |
| 12:37 | Build | Blacksmith |
| 13:39 | Build | Market |
| 13:42 | Queue | Villager (Male) |
| 13:53 | Queue | Villager (Male) |
| 14:09 | Build | Lumber Camp |
| 14:14 | Queue | Villager (Male) |
| 14:45 | Queue | Villager (Male) |
| 15:01 | Build | Barracks |
| 15:05 | Queue | Villager (Male) |
| 15:28 | Queue | Villager (Male) |
| 15:38 | Research | Castle Age |
| 16:56 | Build | Archery Range |
| 16:57 | Build | Archery Range |
| 17:18 | Research | Double-Bit Axe |
| 17:36 | Research | Gold Mining |
| 18:05 | Build | Archery Range |
| 18:45 | Build | Archery Range |
| 19:03 | Age | Castle Age |
| 19:04 | Queue | Cavalry Archer |
| 19:05 | Queue | Cavalry Archer |
| 19:05 | Queue | Cavalry Archer |
| 19:05 | Queue | Cavalry Archer |
| 19:05 | Queue | Cavalry Archer |
| 19:06 | Queue | Cavalry Archer |
| 19:06 | Queue | Cavalry Archer |
| 19:06 | Queue | Cavalry Archer |
| 19:07 | Queue | Cavalry Archer |
| 19:07 | Queue | Cavalry Archer |
| 19:15 | Queue | Villager (Male) |
| 19:17 | Queue | Villager (Male) |
| 19:17 | Queue | Villager (Male) |
| 19:34 | Build | Lumber Camp |
| 21:15 | Queue | Villager (Male) |
| 21:15 | Queue | Villager (Male) |
| 21:15 | Queue | Villager (Male) |
| 21:21 | Build | Town Center |
| 21:23 | Queue | Villager (Male) |
| 21:30 | Queue | Cavalry Archer |
| 21:30 | Queue | Cavalry Archer |
| 21:30 | Queue | Cavalry Archer |
| 21:30 | Queue | Cavalry Archer |
| 21:31 | Queue | Cavalry Archer |
| 21:31 | Queue | Cavalry Archer |
| 21:56 | Research | Fletching |
| 21:57 | Research | Padded Archer Armor |
| 22:27 | Queue | Villager (Male) |
| 22:27 | Queue | Villager (Male) |
| 22:28 | Queue | Villager (Male) |
| 22:57 | Queue | Villager (Male) |
| 22:57 | Queue | Villager (Male) |
| 23:03 | Build | Lumber Camp |
| 23:07 | Build | Lumber Camp |
| 23:09 | Queue | Villager (Male) |
| 23:22 | Queue | Cavalry Archer |
| 23:23 | Queue | Cavalry Archer |
| 23:23 | Queue | Cavalry Archer |
| 23:23 | Queue | Cavalry Archer |
| 23:23 | Queue | Cavalry Archer |
| 23:23 | Queue | Cavalry Archer |
| 23:24 | Queue | Cavalry Archer |
| 23:24 | Queue | Cavalry Archer |
| 23:35 | Queue | Villager (Male) |
| 24:41 | Queue | Villager (Male) |
| 24:41 | Queue | Villager (Male) |
| 24:43 | Queue | Villager (Male) |
| 24:43 | Queue | Villager (Male) |
| 24:49 | Queue | Cavalry Archer |
| 24:49 | Queue | Cavalry Archer |
| 24:50 | Queue | Cavalry Archer |
| 24:50 | Queue | Cavalry Archer |
| 24:50 | Queue | Cavalry Archer |
| 24:50 | Queue | Cavalry Archer |
Build order — superpandaby
First 150 of 183 actions detected
| 0:17 | Build | House |
| 0:20 | Queue | Villager (Male) |
| 0:20 | Queue | Villager (Male) |
| 0:21 | Queue | Villager (Male) |
| 0:21 | Queue | Villager (Male) |
| 0:21 | Queue | Villager (Male) |
| 1:10 | Build | House |
| 1:13 | Build | House |
| 1:21 | Build | House |
| 1:25 | Queue | Villager (Male) |
| 1:26 | Queue | Villager (Male) |
| 2:16 | Queue | Villager (Male) |
| 2:58 | Build | Lumber Camp |
| 3:06 | Queue | Villager (Male) |
| 3:06 | Queue | Villager (Male) |
| 3:06 | Queue | Villager (Male) |
| 3:30 | Queue | Villager (Male) |
| 3:53 | Queue | Villager (Male) |
| 4:19 | Queue | Villager (Male) |
| 4:20 | Queue | Villager (Male) |
| 4:40 | Queue | Villager (Male) |
| 4:40 | Queue | Villager (Male) |
| 5:25 | Queue | Villager (Male) |
| 5:26 | Queue | Villager (Male) |
| 5:46 | Build | Dock |
| 6:12 | Queue | Villager (Male) |
| 6:12 | Queue | Villager (Male) |
| 6:47 | Build | Mill |
| 6:51 | Queue | Fishing Ship |
| 6:51 | Queue | Fishing Ship |
| 7:02 | Queue | Villager (Male) |
| 7:02 | Queue | Villager (Male) |
| 7:33 | Queue | Villager (Male) |
| 7:33 | Queue | Villager (Male) |
| 7:33 | Queue | Villager (Male) |
| 7:33 | Queue | Villager (Male) |
| 7:34 | Queue | Villager (Male) |
| 7:37 | Queue | Fishing Ship |
| 7:37 | Queue | Fishing Ship |
| 8:07 | Build | Mining Camp |
| 8:30 | Build | House |
| 8:33 | Build | House |
| 8:37 | Build | House |
| 8:40 | Queue | Fishing Ship |
| 8:40 | Queue | Fishing Ship |
| 8:41 | Queue | Fishing Ship |
| 8:57 | Queue | Villager (Male) |
| 8:57 | Queue | Villager (Male) |
| 9:09 | Build | House |
| 9:17 | Build | House |
| 9:20 | Queue | Fishing Ship |
| 9:20 | Queue | Fishing Ship |
| 9:34 | Queue | Villager (Male) |
| 9:35 | Queue | Villager (Male) |
| 9:40 | Queue | Fishing Ship |
| 9:41 | Queue | Fishing Ship |
| 9:58 | Queue | Villager (Male) |
| 10:36 | Build | Dock |
| 10:44 | Queue | Fishing Ship |
| 10:44 | Queue | Fishing Ship |
| 10:45 | Queue | Fishing Ship |
| 10:50 | Queue | Villager (Male) |
| 10:50 | Queue | Villager (Male) |
| 10:50 | Queue | Villager (Male) |
| 11:27 | Queue | Fishing Ship |
| 11:27 | Queue | Fishing Ship |
| 11:28 | Queue | Fishing Ship |
| 11:28 | Queue | Fishing Ship |
| 11:49 | Queue | Fishing Ship |
| 11:49 | Queue | Fishing Ship |
| 11:50 | Queue | Fishing Ship |
| 12:09 | Queue | Villager (Male) |
| 12:09 | Queue | Villager (Male) |
| 12:09 | Queue | Villager (Male) |
| 12:09 | Queue | Villager (Male) |
| 12:23 | Build | Dock |
| 12:31 | Queue | Fishing Ship |
| 12:31 | Queue | Fishing Ship |
| 12:44 | Build | House |
| 12:47 | Build | House |
| 12:51 | Build | House |
| 12:55 | Build | House |
| 12:58 | Build | House |
| 13:02 | Build | House |
| 13:05 | Build | House |
| 13:08 | Build | House |
| 13:35 | Research | Feudal Age |
| 13:49 | Queue | Fishing Ship |
| 13:49 | Queue | Fishing Ship |
| 13:50 | Queue | Fishing Ship |
| 14:18 | Build | Dock |
| 14:30 | Queue | Fishing Ship |
| 14:30 | Queue | Fishing Ship |
| 14:57 | Build | Lumber Camp |
| 15:17 | Build | Mining Camp |
| 15:26 | Queue | Villager (Male) |
| 15:26 | Queue | Villager (Male) |
| 15:26 | Queue | Villager (Male) |
| 15:36 | Queue | Fishing Ship |
| 15:45 | Age | Feudal Age |
| 15:54 | Research | Double-Bit Axe |
| 15:58 | Queue | Villager (Male) |
| 15:59 | Queue | Villager (Male) |
| 15:59 | Queue | Villager (Male) |
| 15:59 | Queue | Villager (Male) |
| 16:26 | Research | Tech 906 |
| 16:32 | Queue | Fishing Ship |
| 16:32 | Queue | Fishing Ship |
| 16:33 | Queue | Fishing Ship |
| 16:58 | Build | Barracks |
| 17:28 | Build | Dock |
| 17:45 | Build | Stable |
| 18:02 | Build | Blacksmith |
| 18:12 | Queue | Fishing Ship |
| 18:12 | Queue | Fishing Ship |
| 18:15 | Queue | Fishing Ship |
| 18:42 | Queue | Villager (Male) |
| 18:42 | Queue | Villager (Male) |
| 18:49 | Research | Castle Age |
| 18:59 | Research | Gold Mining |
| 19:00 | Research | Stone Mining |
| 19:10 | Queue | Fishing Ship |
| 19:10 | Queue | Fishing Ship |
| 19:18 | Build | Dock |
| 19:26 | Queue | Fishing Ship |
| 19:27 | Queue | Fishing Ship |
| 19:27 | Queue | Fishing Ship |
| 19:29 | Queue | Fishing Ship |
| 19:46 | Queue | Fishing Ship |
| 19:46 | Queue | Fishing Ship |
| 19:50 | Queue | Fishing Ship |
| 19:51 | Queue | Fishing Ship |
| 20:21 | Queue | Villager (Male) |
| 20:21 | Queue | Villager (Male) |
| 20:22 | Queue | Villager (Male) |
| 20:22 | Queue | Villager (Male) |
| 20:30 | Research | Bloodlines |
| 20:33 | Research | Fletching |
| 20:34 | Research | Forging |
| 20:35 | Research | Scale Mail Armor |
| 20:36 | Research | Scale Barding Armor |
| 20:39 | Research | Arson |
| 20:45 | Build | Dock |
| 21:09 | Queue | Fishing Ship |
| 21:10 | Queue | Fishing Ship |
| 21:10 | Queue | Fishing Ship |
| 21:10 | Queue | Fishing Ship |
| 21:10 | Queue | Fishing Ship |
| 21:11 | Queue | Fishing Ship |
| 21:31 | Build | Dock |
Build order — Umidizıbabomen
150 actions detected in the replay
| 0:02 | Build | House |
| 0:04 | Build | House |
| 0:04 | Queue | Villager (Male) ×4 |
| 1:24 | Queue | Villager (Male) |
| 1:24 | Queue | Villager (Male) |
| 1:49 | Build | Lumber Camp |
| 2:09 | Queue | Villager (Male) |
| 2:09 | Queue | Villager (Male) |
| 2:31 | Queue | Villager (Male) |
| 2:55 | Queue | Villager (Male) |
| 2:55 | Queue | Villager (Male) |
| 3:21 | Queue | Villager (Male) |
| 3:27 | Build | House |
| 3:57 | Research | Loom |
| 3:58 | Research | Loom |
| 4:00 | Queue | Villager (Male) |
| 4:00 | Queue | Villager (Male) |
| 4:28 | Build | Mill |
| 4:41 | Queue | Villager (Male) |
| 4:42 | Queue | Villager (Male) |
| 4:59 | Queue | Villager (Male) |
| 4:59 | Queue | Villager (Male) |
| 5:26 | Queue | Villager (Male) |
| 5:26 | Queue | Villager (Male) |
| 5:58 | Queue | Villager (Male) |
| 6:00 | Build | House |
| 6:10 | Queue | Villager (Male) |
| 6:28 | Build | Dock |
| 7:13 | Queue | Villager (Male) |
| 7:13 | Queue | Villager (Male) |
| 7:17 | Queue | Villager (Male) |
| 7:18 | Queue | Villager (Male) |
| 7:28 | Queue | Fishing Ship |
| 7:29 | Queue | Fishing Ship |
| 8:22 | Build | Mining Camp |
| 8:42 | Research | Feudal Age |
| 8:43 | Research | Feudal Age |
| 9:41 | Build | Farm |
| 9:42 | Build | Farm |
| 9:50 | Queue | Villager (Male) |
| 9:50 | Queue | Villager (Male) |
| 9:56 | Build | House |
| 9:58 | Build | House |
| 10:52 | Age | Feudal Age |
| 11:08 | Research | Loom |
| 11:40 | Build | Dock |
| 12:03 | Queue | Villager (Male) |
| 12:14 | Queue | Villager (Male) |
| 12:33 | Queue | Fishing Ship |
| 12:33 | Queue | Fishing Ship |
| 13:03 | Queue | Villager (Male) |
| 13:04 | Queue | Villager (Male) |
| 13:09 | Build | Blacksmith |
| 13:45 | Build | Market |
| 13:49 | Build | House |
| 13:49 | Build | House |
| 13:50 | Build | House |
| 13:52 | Build | House |
| 14:12 | Queue | Fire Galley |
| 14:20 | Queue | Fishing Ship |
| 14:51 | Research | Forging |
| 14:52 | Research | Castle Age |
| 14:52 | Research | Castle Age |
| 14:57 | Queue | Fire Galley |
| 14:58 | Queue | Fire Galley |
| 15:21 | Build | Dock |
| 15:54 | Build | Dock |
| 16:04 | Queue | Fishing Ship |
| 16:04 | Queue | Fishing Ship |
| 16:19 | Build | House |
| 16:20 | Build | House |
| 16:58 | Build | Farm |
| 16:58 | Build | Farm |
| 16:59 | Build | Farm |
| 17:00 | Build | Farm |
| 17:06 | Build | Farm |
| 17:08 | Build | Farm |
| 17:20 | Build | House |
| 17:32 | Age | Castle Age |
| 17:34 | Build | Farm |
| 17:35 | Queue | Villager (Male) |
| 17:36 | Queue | Villager (Male) |
| 17:36 | Queue | Villager (Male) |
| 17:41 | Research | Double-Bit Axe |
| 17:50 | Build | Farm |
| 18:02 | Build | Outpost |
| 18:04 | Build | Outpost |
| 18:05 | Build | Outpost |
| 18:33 | Build | Farm |
| 18:40 | Queue | Villager (Male) |
| 18:40 | Queue | Villager (Male) |
| 19:33 | Build | Town Center |
| 19:39 | Build | Mining Camp |
| 19:42 | Queue | Villager (Male) |
| 19:42 | Queue | Villager (Male) |
| 20:30 | Build | Outpost |
| 20:31 | Build | Outpost |
| 20:33 | Build | Outpost |
| 20:37 | Queue | Villager (Male) |
| 20:37 | Queue | Villager (Male) |
| 20:38 | Queue | Villager (Male) |
| 20:39 | Queue | Villager (Male) |
| 21:00 | Queue | Longboat ×2 |
| 21:05 | Queue | Villager (Male) |
| 21:05 | Queue | Villager (Male) |
| 21:06 | Queue | Villager (Male) |
| 21:35 | Build | Farm |
| 21:36 | Research | Horse Collar |
| 21:46 | Build | House |
| 21:46 | Build | House |
| 21:46 | Build | House |
| 21:47 | Build | House |
| 22:02 | Queue | Longboat |
| 22:42 | Queue | Villager (Male) |
| 22:42 | Queue | Villager (Male) |
| 22:42 | Queue | Villager (Male) |
| 22:43 | Queue | Villager (Male) |
| 22:59 | Build | Town Center |
| 23:03 | Queue | Villager (Male) |
| 23:04 | Research | Iron Casting |
| 23:05 | Research | Scale Mail Armor |
| 23:15 | Build | Farm |
| 23:21 | Build | House |
| 23:22 | Build | House |
| 23:22 | Build | House |
| 23:22 | Build | House |
| 23:38 | Research | Tech 906 |
| 23:41 | Queue | Fishing Ship |
| 23:41 | Queue | Fishing Ship |
| 23:42 | Queue | Fishing Ship |
| 24:26 | Build | Barracks |
| 24:55 | Queue | Spearman |
| 24:55 | Queue | Spearman |
| 24:57 | Build | Barracks |
| 25:02 | Queue | Villager (Male) |
| 25:02 | Queue | Villager (Male) |
| 25:02 | Queue | Villager (Male) |
| 25:11 | Build | Fish Trap |
| 25:15 | Build | House |
| 25:15 | Build | House |
| 25:15 | Build | House |
| 25:34 | Queue | Spearman |
| 25:35 | Queue | Spearman |
| 25:41 | Build | Farm |
| 25:43 | Build | Farm |
| 25:53 | Build | Farm |
| 26:05 | Queue | Spearman |
| 26:07 | Queue | Spearman |
| 26:31 | Build | Farm |
| 26:40 | Build | Farm |
Build order — drampf
96 actions detected in the replay
| 0:08 | Build | House |
| 0:11 | Queue | Villager (Male) |
| 0:12 | Queue | Villager (Male) |
| 0:12 | Queue | Villager (Male) |
| 0:12 | Queue | Villager (Male) |
| 0:12 | Queue | Villager (Male) |
| 0:13 | Queue | Villager (Male) |
| 0:13 | Queue | Villager (Male) |
| 1:27 | Queue | Villager (Male) |
| 1:27 | Queue | Villager (Male) |
| 1:52 | Build | House |
| 2:00 | Queue | Villager (Male) |
| 2:01 | Queue | Villager (Male) |
| 2:30 | Build | House |
| 2:34 | Build | House |
| 2:43 | Build | Lumber Camp |
| 2:48 | Queue | Villager (Male) |
| 2:48 | Queue | Villager (Male) |
| 2:49 | Queue | Villager (Male) |
| 3:06 | Queue | Villager (Male) |
| 3:06 | Queue | Villager (Male) |
| 3:55 | Queue | Villager (Male) |
| 3:55 | Queue | Villager (Male) |
| 4:40 | Queue | Villager (Male) |
| 5:17 | Queue | Villager (Male) |
| 5:17 | Queue | Villager (Male) |
| 5:17 | Queue | Villager (Male) |
| 5:17 | Queue | Villager (Male) |
| 5:50 | Build | Dock |
| 6:15 | Queue | Villager (Male) |
| 6:15 | Queue | Villager (Male) |
| 6:15 | Queue | Villager (Male) |
| 6:29 | Queue | Fishing Ship |
| 6:34 | Build | House |
| 6:43 | Build | Mill |
| 6:50 | Queue | Villager (Male) |
| 6:50 | Queue | Villager (Male) |
| 7:02 | Queue | Fishing Ship |
| 7:19 | Queue | Villager (Male) |
| 7:40 | Queue | Fishing Ship |
| 8:17 | Queue | Villager (Male) |
| 8:31 | Queue | Fishing Ship |
| 8:46 | Queue | Villager (Male) |
| 9:07 | Queue | Villager (Male) |
| 9:18 | Build | Mining Camp |
| 9:39 | Queue | Fishing Ship |
| 9:46 | Build | House |
| 10:26 | Research | Feudal Age |
| 10:36 | Build | Barracks |
| 11:58 | Queue | Transport Ship |
| 12:08 | Queue | Villager (Male) |
| 12:08 | Queue | Villager (Male) |
| 12:30 | Age | Feudal Age |
| 12:34 | Build | Blacksmith |
| 12:47 | Build | Archery Range |
| 13:21 | Queue | Villager (Male) |
| 13:31 | Build | Mining Camp |
| 14:13 | Research | Castle Age |
| 15:12 | Research | Tech 906 |
| 15:23 | Queue | Villager (Male) |
| 15:23 | Queue | Villager (Male) |
| 16:31 | Build | House |
| 16:38 | Age | Castle Age |
| 16:48 | Build | Town Center |
| 17:16 | Build | Stable |
| 17:29 | Queue | Villager (Male) |
| 17:29 | Queue | Villager (Male) |
| 17:56 | Queue | Knight |
| 17:56 | Queue | Knight |
| 18:03 | Build | Lumber Camp |
| 18:14 | Build | Town Center |
| 18:19 | Queue | Villager (Male) |
| 18:19 | Queue | Villager (Male) |
| 18:28 | Queue | Villager (Male) |
| 18:28 | Queue | Villager (Male) |
| 18:54 | Build | Farm |
| 19:00 | Build | Farm |
| 19:03 | Queue | Villager (Male) |
| 19:16 | Build | House |
| 19:25 | Queue | Knight |
| 19:56 | Build | Farm |
| 20:02 | Build | Farm |
| 20:06 | Queue | Villager (Male) |
| 20:10 | Queue | Villager (Male) |
| 20:29 | Build | Castle |
| 20:35 | Queue | Villager (Male) |
| 20:35 | Queue | Villager (Male) |
| 21:16 | Build | Farm |
| 21:17 | Build | Farm |
| 21:20 | Queue | Villager (Male) |
| 21:25 | Queue | Spearman |
| 21:25 | Queue | Spearman |
| 22:07 | Build | Stable |
| 22:15 | Queue | Spearman |
| 22:49 | Build | Castle |
| 24:33 | Queue | War Elephant |
Build order — Prushogamer
146 actions detected in the replay
| 0:00 | Queue | Villager (Male) |
| 0:01 | Queue | Villager (Male) |
| 0:01 | Queue | Villager (Male) |
| 0:02 | Queue | Villager (Male) |
| 0:02 | Queue | Villager (Male) |
| 0:04 | Build | House |
| 0:06 | Build | House |
| 1:33 | Queue | Villager (Male) |
| 1:33 | Queue | Villager (Male) |
| 1:48 | Build | Lumber Camp |
| 2:07 | Queue | Villager (Male) |
| 2:08 | Queue | Villager (Male) |
| 2:44 | Queue | Villager (Male) |
| 3:17 | Queue | Villager (Male) |
| 3:28 | Build | House |
| 4:02 | Queue | Villager (Male) |
| 4:02 | Queue | Villager (Male) |
| 5:21 | Queue | Villager (Male) |
| 5:21 | Queue | Villager (Male) |
| 6:08 | Build | Dock |
| 6:17 | Queue | Villager (Male) |
| 6:17 | Queue | Villager (Male) |
| 6:18 | Queue | Villager (Male) |
| 6:18 | Queue | Villager (Male) |
| 6:50 | Queue | Villager (Male) |
| 6:50 | Queue | Villager (Male) |
| 7:27 | Build | House |
| 7:31 | Queue | Villager (Male) |
| 7:31 | Queue | Villager (Male) |
| 7:42 | Queue | Fishing Ship |
| 7:43 | Queue | Fishing Ship |
| 8:16 | Queue | Villager (Male) |
| 8:17 | Queue | Villager (Male) |
| 8:35 | Queue | Fishing Ship |
| 9:00 | Build | Mill |
| 9:13 | Queue | Fishing Ship |
| 9:22 | Build | House |
| 9:27 | Queue | Villager (Male) |
| 9:30 | Queue | Fishing Ship |
| 9:42 | Build | Dock |
| 10:11 | Queue | Fishing Ship |
| 10:15 | Queue | Villager (Male) |
| 10:16 | Queue | Villager (Male) |
| 10:33 | Queue | Fishing Ship |
| 10:37 | Queue | Fishing Ship |
| 10:45 | Build | House |
| 10:50 | Queue | Villager (Male) |
| 11:12 | Build | Mining Camp |
| 11:14 | Queue | Villager (Male) |
| 11:15 | Queue | Villager (Male) |
| 11:28 | Queue | Villager (Male) |
| 11:43 | Queue | Fishing Ship |
| 12:01 | Queue | Villager (Male) |
| 12:03 | Queue | Fishing Ship |
| 12:09 | Build | House |
| 12:13 | Build | House |
| 12:22 | Research | Feudal Age |
| 12:39 | Queue | Fishing Ship |
| 12:40 | Queue | Fishing Ship |
| 12:57 | Queue | Fishing Ship |
| 13:07 | Queue | Villager (Male) |
| 13:08 | Queue | Villager (Male) |
| 13:23 | Build | Lumber Camp |
| 14:02 | Build | Mill |
| 14:31 | Age | Feudal Age |
| 14:43 | Build | Blacksmith |
| 15:13 | Queue | Villager (Male) |
| 15:26 | Build | Market |
| 15:59 | Build | Barracks |
| 16:11 | Research | Castle Age |
| 16:14 | Research | Wheelbarrow |
| 16:15 | Queue | Villager (Male) |
| 16:15 | Queue | Villager (Male) |
| 16:29 | Research | Tech 906 |
| 16:30 | Queue | Fishing Ship |
| 16:32 | Queue | Fishing Ship |
| 17:05 | Build | Archery Range |
| 17:34 | Build | Farm |
| 17:41 | Build | Farm |
| 17:42 | Build | Farm |
| 17:42 | Build | Farm |
| 18:11 | Build | Farm |
| 18:22 | Research | Double-Bit Axe |
| 18:23 | Research | Horse Collar |
| 18:40 | Build | Archery Range |
| 18:51 | Age | Castle Age |
| 18:54 | Queue | Villager (Male) |
| 19:09 | Queue | Cavalry Archer ×4 |
| 19:17 | Queue | Villager (Male) |
| 19:25 | Build | House |
| 19:27 | Build | House |
| 19:28 | Build | House |
| 19:47 | Queue | Villager (Male) |
| 19:56 | Queue | Cavalry Archer |
| 19:56 | Queue | Cavalry Archer |
| 20:17 | Queue | Cavalry Archer |
| 20:20 | Research | Bow Saw |
| 20:22 | Research | Fletching |
| 20:29 | Queue | Cavalry Archer |
| 20:30 | Queue | Cavalry Archer |
| 20:30 | Queue | Cavalry Archer |
| 20:30 | Queue | Cavalry Archer |
| 20:40 | Queue | Villager (Male) |
| 20:52 | Queue | Cavalry Archer |
| 20:52 | Queue | Cavalry Archer |
| 21:00 | Queue | Cavalry Archer |
| 21:01 | Queue | Cavalry Archer |
| 21:07 | Research | Hand Cart |
| 21:07 | Queue | Villager (Male) |
| 21:26 | Build | House |
| 21:27 | Build | House |
| 21:34 | Queue | Cavalry Archer |
| 21:34 | Queue | Cavalry Archer |
| 21:34 | Queue | Cavalry Archer |
| 22:07 | Queue | Cavalry Archer |
| 22:08 | Queue | Cavalry Archer |
| 22:08 | Queue | Cavalry Archer |
| 22:21 | Build | University |
| 22:25 | Queue | Villager (Male) |
| 22:27 | Research | Heavy Plow |
| 22:48 | Research | Gillnets |
| 22:55 | Queue | Villager (Male) |
| 22:55 | Queue | Villager (Male) |
| 22:59 | Queue | Fishing Ship |
| 22:59 | Queue | Fishing Ship |
| 23:11 | Queue | Cavalry Archer |
| 23:12 | Queue | Cavalry Archer |
| 23:19 | Queue | Villager (Male) |
| 23:19 | Queue | Villager (Male) |
| 23:26 | Build | Town Center |
| 23:34 | Build | House |
| 24:09 | Queue | Villager (Male) |
| 24:09 | Queue | Villager (Male) |
| 24:53 | Queue | Villager (Male) |
| 24:53 | Queue | Villager (Male) |
| 25:06 | Queue | Villager (Male) |
| 25:07 | Queue | Villager (Male) |
| 25:07 | Research | Loom |
| 25:17 | Research | Ballistics |
| 25:29 | Queue | Cavalry Archer ×4 |
| 25:30 | Research | Thumb Ring |
| 25:42 | Build | Mining Camp |
| 25:53 | Build | House |
| 26:13 | Research | Gold Mining |
| 26:41 | Queue | Villager (Male) |
| 26:42 | Queue | Villager (Male) |
Build order — MS2GUD1068
99 actions detected in the replay
| 0:03 | Build | House |
| 0:07 | Build | House |
| 0:12 | Queue | Villager (Male) ×4 |
| 1:46 | Queue | Villager (Male) |
| 2:14 | Queue | Villager (Male) |
| 2:29 | Queue | Villager (Male) |
| 3:12 | Queue | Villager (Male) |
| 3:32 | Queue | Villager (Male) |
| 4:07 | Build | House |
| 4:08 | Build | House |
| 4:08 | Build | House |
| 4:12 | Queue | Villager (Male) |
| 4:22 | Queue | Villager (Male) ×2 |
| 5:26 | Queue | Villager (Male) ×2 |
| 5:42 | Build | Lumber Camp |
| 6:06 | Queue | Villager (Male) ×2 |
| 7:08 | Queue | Villager (Male) ×3 |
| 7:42 | Build | Mill |
| 8:37 | Queue | Villager (Male) ×5 |
| 8:58 | Build | House |
| 9:34 | Build | Mining Camp |
| 10:09 | Build | Lumber Camp |
| 10:37 | Build | Mining Camp |
| 10:54 | Build | Farm |
| 10:55 | Build | Farm |
| 10:57 | Build | Farm |
| 11:00 | Build | Farm |
| 11:12 | Research | Feudal Age |
| 11:22 | Build | Farm |
| 12:09 | Build | Farm |
| 13:10 | Queue | Villager (Male) |
| 13:10 | Queue | Villager (Male) |
| 13:22 | Age | Feudal Age |
| 13:53 | Build | Blacksmith |
| 14:02 | Build | Market |
| 14:07 | Queue | Villager (Male) |
| 14:55 | Queue | Villager (Male) |
| 15:21 | Research | Castle Age |
| 15:55 | Build | Dock |
| 16:19 | Build | House |
| 16:23 | Build | Farm |
| 16:23 | Build | Farm |
| 16:23 | Build | Farm |
| 16:23 | Build | Farm |
| 16:25 | Build | Farm |
| 17:18 | Queue | Transport Ship |
| 17:26 | Queue | Villager (Male) |
| 17:26 | Queue | Villager (Male) |
| 18:01 | Age | Castle Age |
| 18:09 | Build | Castle |
| 18:32 | Build | Farm |
| 18:34 | Queue | Villager (Male) |
| 19:00 | Build | Mining Camp |
| 19:05 | Build | Farm |
| 19:08 | Queue | Villager (Male) |
| 19:20 | Build | Farm |
| 19:22 | Queue | Villager (Male) |
| 19:38 | Queue | Conquistador ×5 |
| 19:45 | Build | Farm |
| 20:06 | Queue | Villager (Male) |
| 20:09 | Build | Farm |
| 20:21 | Queue | Conquistador ×2 |
| 20:28 | Queue | Villager (Male) |
| 20:57 | Build | University |
| 21:06 | Queue | Villager (Male) |
| 21:07 | Queue | Villager (Male) |
| 21:17 | Queue | Conquistador |
| 21:36 | Build | Farm |
| 21:46 | Queue | Conquistador |
| 21:52 | Queue | Villager (Male) |
| 21:58 | Queue | Villager (Male) |
| 22:19 | Research | Ballistics |
| 22:25 | Queue | Conquistador ×2 |
| 22:33 | Queue | Villager (Male) |
| 22:51 | Queue | Villager (Male) |
| 23:04 | Queue | Villager (Male) |
| 23:38 | Queue | Villager (Male) |
| 23:44 | Queue | Conquistador ×2 |
| 23:49 | Queue | Conquistador |
| 24:03 | Build | Barracks |
| 24:15 | Queue | Villager (Male) |
| 24:32 | Build | House |
| 24:34 | Build | House |
| 24:49 | Build | Stable |
| 24:51 | Queue | Conquistador |
| 24:51 | Queue | Conquistador |
| 25:10 | Queue | Villager (Male) |
| 25:11 | Queue | Villager (Male) |
| 25:49 | Queue | Conquistador ×3 |
| 26:08 | Build | Farm |
| 26:09 | Build | Farm |
| 26:09 | Build | Farm |
| 26:09 | Build | Farm |
| 26:10 | Build | Farm |
| 26:13 | Queue | Villager (Male) |
| 26:14 | Queue | Villager (Male) |
| 26:17 | Research | Loom |
| 26:18 | Queue | Villager (Male) ×3 |
| 26:46 | Queue | Conquistador ×2 |
Match timeline
| 3:29 | the King · first_building Dock |
| 5:25 | Fencer_Khan · first_building Dock |
| 5:46 | superpandaby · first_building Dock |
| 5:50 | drampf · first_building Dock |
| 6:08 | Prushogamer · first_building Dock |
| 6:14 | Mono de Guayaba · first_building Dock |
| 6:28 | Umidizıbabomen · first_building Dock |
| 10:36 | drampf · first_building Barracks |
| 10:52 | Umidizıbabomen · age_up feudal |
| 11:08 | Fencer_Khan · age_up feudal |
| 12:13 | the King · age_up feudal |
| 12:30 | drampf · age_up feudal |
| 12:47 | drampf · first_building Archery Range |
| 12:53 | Mono de Guayaba · age_up feudal |
| 13:22 | MS2GUD1068 · age_up feudal |
| 14:31 | Prushogamer · age_up feudal |
| 15:01 | the King · first_building Barracks |
| 15:39 | Mono de Guayaba · first_building Barracks |
| 15:45 | superpandaby · age_up feudal |
| 15:55 | MS2GUD1068 · first_building Dock |
| 15:59 | Prushogamer · first_building Barracks |
| 16:00 | Umidizıbabomen · first_market_sell 100 food |
| 16:02 | Umidizıbabomen · first_market_buy 100 wood |
| 16:38 | drampf · age_up castle |
| 16:46 | Fencer_Khan · age_up castle |
| 16:56 | the King · first_building Archery Range |
| 16:58 | superpandaby · first_building Barracks |
| 17:03 | Fencer_Khan · first_building Siege Workshop |
| 17:05 | Prushogamer · first_building Archery Range |
| 17:16 | drampf · first_building Stable |
| 17:32 | Umidizıbabomen · age_up castle |
| 17:45 | superpandaby · first_building Stable |
| 17:47 | Mono de Guayaba · first_building Archery Range |
| 18:01 | MS2GUD1068 · age_up castle |
| 18:09 | MS2GUD1068 · first_building Castle |
| 18:19 | the King · first_market_sell 100 food |
| 18:51 | Prushogamer · age_up castle |
| 19:03 | the King · age_up castle |
| 19:28 | Fencer_Khan · first_market_sell 100 wood |
| 19:58 | Fencer_Khan · first_building Barracks |
| 20:29 | drampf · first_building Castle |
| 20:33 | Mono de Guayaba · wall_segment Stone Wall x10 |
| 20:41 | Mono de Guayaba · wall_segment Stone Wall x6 |
| 20:48 | Mono de Guayaba · wall_segment Stone Wall x4 |
| 20:53 | Mono de Guayaba · age_up castle |
| 21:47 | superpandaby · age_up castle |
| 24:03 | MS2GUD1068 · first_building Barracks |
| 24:26 | Umidizıbabomen · first_building Barracks |
| 24:46 | Mono de Guayaba · first_market_buy 100 stone |
| 24:49 | MS2GUD1068 · first_building Stable |
| 24:55 | Mono de Guayaba · first_building Castle |
| 26:07 | drampf · resign |
| 26:21 | superpandaby · first_building Krepost |
[ AI ANALYSIS · 1 CREDIT ]
What really happened in this match?
Wolo.gg analyzes every decision: build order, eco, micro, common mistakes by bracket. Personalized analysis on WhatsApp or Discord in 30 seconds.
Civ guide
Celts
Perfil
Jugador #9742686